[Event "42nd Olympiad Baku 2016 Open"]
[Site "Baku"]
[Date "2016.09.04"]
[Round "3.10"]
[White "Davy, Damion"]
[Black "Shengelia, David"]
[Result "0-1"]
[ECO "E46"]
[WhiteElo "2117"]
[BlackElo "2573"]
[Annotator ""]
[PlyCount "88"]
[EventDate "2016.??.??"]
[EventCountry "AZE"]
[SourceTitle "playchess.com"]
[Source "ChessBase"]
[WhiteTeam "Jamaica"]
[BlackTeam "Austria"]
[WhiteTeamCountry "JAM"]
[BlackTeamCountry "AUT"]
[TimeControl "40/5400+30:1800+30"]

1. d4 {(00:00)} Nf6 {(00:00)} 2. c4 {(00:00)} e6 {(
00:00)} 3. Nc3 {(00:00)} Bb4 {(00:07)} 4. e3 {(00:00)} O-O
{(00:30)} 5. Nge2 {(00:00)} d5 {(00:33)} 6. a3 {(
00:08)} Be7 {(00:22)} 7. cxd5 {(00:07)} exd5 {(00:25)} 8.
Nf4 {(00:10)} c6 {(00:35)} 9. Bd3 {(00:26)} Re8 {(
01:21)} 10. O-O {(00:06)} Nbd7 {(00:27)} 11. h3 {(05:37)}
Bd6 {(00:29)} 12. Qc2 {(01:49)} Nf8 {(00:32)} 13. Bd2 {
(03:54)} Bd7 {(05:46)} 14. Rfe1 {(03:11)} Rc8 {(00:
46)} 15. Rac1 {(05:44)} Bb8 {(02:10)} 16. e4 {(10:23)}
dxe4 {(10:42)} 17. Nxe4 {(00:39)} Nxe4 {(00:45)} 18. Bxe4
{(00:21)} Ng6 {(02:03)} 19. Nxg6 {(20:30)} hxg6 {(
01:07)} 20. Rcd1 {(22:52)} Qc7 {(03:03)} 21. f4 {(00:19)}
Be6 {(01:43)} 22. Rf1 {(03:42)} Rcd8 {(04:30)} 23. Bc3 {
(01:54)} g5 {(19:51)} 24. Rde1 {(08:13)} Bc4 {(09:
16)} 25. Rf3 {(02:52)} Bd5 {(06:02)} 26. fxg5 {(01:38)}
Qd6 {(04:08)} 27. Bb4 {(03:42)} Qd7 {(10:42)} 28. Kf2 {
(00:36)} g6 {(04:39)} 29. Bc3 {(02:01)} a6 {(01:19]
} 30. Rf6 {(02:23)} Bxe4 {(04:47)} 31. Rxe4 {(00:04)} Ba7
{(00:03)} 32. Rxe8+ {(00:55)} Qxe8 {(00:04)} 33. Rf4 {
(00:43)} Qe5 {(00:35)} 34. Qe4 {(01:09)} Qxg5 {(00:
36)} 35. h4 {(00:32)} Qd5 {(02:34)} 36. Qxd5 {(00:35)}
Rxd5 {(00:06)} 37. Kf3 {(00:21)} f5 {(00:10)} 38. Ke2 {
(00:44)} Kg7 {(00:19)} 39. Kd3 {(00:27)} Kh6 {(00:
49)} 40. Rf1 {(00:00)} Kh5 {(00:00)} 41. g3 {(05:47)} Bxd4
{(02:30)} 42. Bxd4 {(05:43)} c5 {(00:10)} 43. Kc4 {
(00:05)} Rxd4+ {(00:04)} 44. Kxc5 {(00:02)} Rd3 {(
00:13)} 0-1

[Event "42nd Olympiad Baku 2016 Open"]
[Site "Baku"]
[Date "2016.09.04"]
[Round "3.6"]
[White "De La Riva Aguado, Oscar"]
[Black "Khusenkhojaev, Muhammad"]
[Result "1/2-1/2"]
[ECO "C44"]
[WhiteElo "2503"]
[BlackElo "2436"]
[Annotator ""]
[PlyCount "106"]
[EventDate "2016.??.??"]
[EventCountry "AZE"]
[SourceTitle "playchess.com"]
[Source "ChessBase"]
[WhiteTeam "Andorra"]
[BlackTeam "Tajikistan"]
[WhiteTeamCountry "AND"]
[BlackTeamCountry "TJK"]
[TimeControl "40/5400+30:1800+30"]

1. e4 {(00:00)} e5 {(00:00)} 2. Nf3 {(00:12)} Nc6 {
(00:00)} 3. d4 {(00:38)} exd4 {(00:00)} 4. Nxd4 {(
00:08)} Bb4+ {(00:25)} 5. c3 {(00:55)} Bc5 {(00:07)} 6.
Be3 {(03:13)} Bb6 {(00:10)} 7. g3 {(13:31)} Nge7 {(
01:22)} 8. Bg2 {(00:38)} O-O {(01:41)} 9. O-O {(05:37)} d5
{(04:30)} 10. exd5 {(05:08)} Nxd5 {(01:09)} 11. Nxc6 {
(08:05)} bxc6 {(00:10)} 12. Bd4 {(08:16)} Be6 {(01:
58)} 13. c4 {(08:12)} Bxd4 {(07:26)} 14. Qxd4 {(01:19)}
Ne7 {(05:08)} 15. Qc3 {(09:55)} Nf5 {(01:41)} 16. Nd2 {
(03:18)} Qd4 {(03:37)} 17. Rac1 {(03:49)} Rad8 {(
10:35)} 18. Ne4 {(02:46)} h6 {(08:51)} 19. Rfe1 {(02:35)}
Rfe8 {(09:01)} 20. h3 {(03:08)} Qxc3 {(18:48)} 21. Rxc3 {
(00:14)} Kf8 {(00:20)} 22. Nc5 {(03:46)} Nd4 {(11:
04)} 23. Kf1 {(02:57)} Bf5 {(05:24)} 24. Rxe8+ {(09:07)}
Rxe8 {(00:02)} 25. g4 {(01:42)} Bb1 {(01:09)} 26. a3 {
(01:21)} g5 {(03:35)} 27. Rc1 {(00:52)} Ba2 {(01:
09)} 28. Be4 {(00:57)} a5 {(03:07)} 29. f3 {(00:22)} Kg7 {
(00:33)} 30. b4 {(01:02)} axb4 {(00:49)} 31. axb4 {
(00:06)} Rb8 {(00:47)} 32. Nd3 {(00:40)} Bb3 {(00:
45)} 33. Kf2 {(01:24)} Bc2 {(00:01)} 34. Ke3 {(00:30)}
Bxd3 {(00:01)} 35. Kxd3 {(00:10)} Ne6 {(00:17)} 36. Kc3 {
(00:48)} c5 {(01:03)} 37. bxc5 {(00:36)} Nxc5 {(00:
14)} 38. Bd5 {(00:21)} Rb3+ {(01:09)} 39. Kc2 {(00:39)}
Ra3 {(00:39)} 40. Re1 {(00:00)} Nd3 {(00:00)} 41. Re7 {
(09:32)} Nb4+ {(01:22)} 42. Kd2 {(00:06)} Nxd5 {(
01:46)} 43. cxd5 {(00:12)} Rxf3 {(00:45)} 44. Rxc7 {(00:
05)} Rxh3 {(08:05)} 45. d6 {(00:19)} Kf6 {(00:14)} 46. d7
{(00:41)} Ke7 {(00:07)} 47. d8=Q+ {(00:06)} Kxd8 {(
00:06)} 48. Rxf7 {(00:06)} Rh4 {(03:11)} 49. Rh7 {(00:18)}
Rxg4 {(03:02)} 50. Rxh6 {(00:39)} Ke7 {(00:16)} 51. Ke3 {
(00:40)} Rf4 {(00:19)} 52. Rg6 {(00:21)} Rf5 {(00:
37)} 53. Ke4 {(00:17)} Rf4+ {(00:13)} 1/2-1/2

[Event "42nd Olympiad Baku 2016 Open"]
[Site "Baku"]
[Date "2016.09.04"]
[Round "3.23"]
[White "Delgadillo, Adonay"]
[Black "O`Donnell, Conor"]
[Result "1/2-1/2"]
[ECO "B13"]
[WhiteElo "2232"]
[BlackElo "2343"]
[Annotator ""]
[PlyCount "78"]
[EventDate "2016.??.??"]
[EventCountry "AZE"]
[SourceTitle "playchess.com"]
[Source "ChessBase"]
[WhiteTeam "Bolivia"]
[BlackTeam "Ireland"]
[WhiteTeamCountry "BOL"]
[BlackTeamCountry "IRL"]
[TimeControl "40/5400+30:1800+30"]

1. e4 {(00:00)} c6 {(00:00)} 2. d4 {(00:00)} d5 {(
00:00)} 3. exd5 {(00:00)} cxd5 {(00:00)} 4. c4 {(00:00)}
Nf6 {(00:00)} 5. Nc3 {(00:00)} Nc6 {(00:04)} 6. Bg5 {
(00:00)} Ne4 {(00:29)} 7. cxd5 {(17:49)} Nxc3 {(00:
11)} 8. bxc3 {(00:05)} Qxd5 {(00:08)} 9. Be3 {(08:12)} e5
{(02:43)} 10. Nf3 {(11:39)} exd4 {(11:48)} 11. Nxd4 {
(01:10)} Be7 {(05:19)} 12. Qb3 {(01:54)} Qxb3 {(03:
14)} 13. axb3 {(00:06)} Bf6 {(02:28)} 14. Bb5 {(02:46)}
O-O {(10:30)} 15. Nxc6 {(06:35)} Bxc3+ {(02:51)} 16. Ke2 {
(00:15)} bxc6 {(00:31)} 17. Bxc6 {(00:07)} Bxa1 {(
07:51)} 18. Bxa8 {(00:12)} Bc3 {(06:10)} 19. Bd5 {(04:53)}
Ba6+ {(06:12)} 20. Bc4 {(00:35)} Bxc4+ {(01:58)} 21. bxc4
{(00:02)} a5 {(00:50)} 22. Bd2 {(06:28)} Re8+ {(04:
21)} 23. Kd3 {(00:08)} Bxd2 {(00:25)} 24. Kxd2 {(00:08)}
Kf8 {(04:28)} 25. Ra1 {(00:57)} Ra8 {(00:06)} 26. Re1 {
(21:29)} Re8 {(09:38)} 27. Ra1 {(01:46)} Re5 {(00:
29)} 28. Kd3 {(01:47)} Ke7 {(00:25)} 29. f4 {(01:44)} Rh5
{(02:41)} 30. h3 {(00:12)} Kd6 {(00:30)} 31. Ra3 {(
00:58)} Kc6 {(01:49)} 32. Kd4 {(00:23)} Rc5 {(06:18)} 33.
g4 {(04:01)} h5 {(01:19)} 34. Ra2 {(01:56)} g6 {(
02:41)} 35. Ra3 {(00:27)} Kd6 {(00:37)} 36. Ra2 {(00:41)}
Kc6 {(00:45)} 37. Ra3 {(00:07)} Kd6 {(00:49)} 38. Ra2 {
(00:11)} Kc6 {(00:34)} 39. Ra3 {(00:21)} Kd6 {(00:
10)} 1/2-1/2

[Event "42nd Olympiad Baku 2016 Open"]
[Site "Baku"]
[Date "2016.09.04"]
[Round "3.15"]
[White "Dempsey, John"]
[Black "Niraula, Bhupendra"]
[Result "0-1"]
[ECO "B24"]
[WhiteElo "1952"]
[BlackElo "2071"]
[Annotator ""]
[PlyCount "58"]
[EventDate "2016.??.??"]
[EventCountry "AZE"]
[SourceTitle "playchess.com"]
[Source "ChessBase"]
[WhiteTeam "U.S. Virgin Islands"]
[BlackTeam "Nepal"]
[WhiteTeamCountry "ISV"]
[BlackTeamCountry "NEP"]
[TimeControl "40/5400+30:1800+30"]

1. e4 {(00:00)} c5 {(00:00)} 2. Nc3 {(00:00)} Nc6 {
(00:00)} 3. g3 {(00:03)} g6 {(01:30)} 4. Bg2 {(00:
06)} Bg7 {(00:15)} 5. d3 {(00:07)} e6 {(02:54)} 6. Nge2 {
(00:17)} Nge7 {(00:32)} 7. O-O {(02:03)} O-O {(03:
15)} 8. f4 {(03:30)} d6 {(00:52)} 9. Kh1 {(00:48)} Nd4 {
(01:15)} 10. Be3 {(01:00)} Nec6 {(01:17)} 11. Qd2 {
(04:31)} Re8 {(12:41)} 12. Nd1 {(04:04)} d5 {(04:
21)} 13. c3 {(05:08)} Nxe2 {(01:26)} 14. Qxe2 {(00:11)} d4
{(01:24)} 15. Bd2 {(06:39)} dxc3 {(07:33)} 16. bxc3 {
(00:34)} Qa5 {(11:10)} 17. e5 {(07:20)} Qa6 {(05:
28)} 18. Ne3 {(06:23)} Rd8 {(03:57)} 19. Nc4 {(01:15)} Bf8
{(00:42)} 20. Be4 {(01:35)} b5 {(02:19)} 21. Nb2 {(
00:18)} Bb7 {(01:20)} 22. Qg2 {(00:11)} Rab8 {(00:40)} 23.
a4 {(02:15)} b4 {(02:24)} 24. Nc4 {(02:50)} bxc3 {(
01:05)} 25. Bxc3 {(00:06)} Nb4 {(01:29)} 26. Rfd1 {(09:43]
} Nxd3 {(02:55)} 27. Bxb7 {(01:51)} Qxc4 {(05:26)} 28. Ba5
{(02:03)} Rd7 {(01:24)} 29. Rd2 {(07:37)} Rdxb7 0-1

[Event "42nd Olympiad Baku 2016 Open"]
[Site "Baku"]
[Date "2016.09.04"]
[Round "3.11"]
[White "Dominguez, Jose Manuel"]
[Black "Lorenzana, Wilson Estuardo"]
[Result "0-1"]
[ECO "B40"]
[WhiteElo "2273"]
[BlackElo "2239"]
[Annotator ""]
[PlyCount "56"]
[EventDate "2016.??.??"]
[EventCountry "AZE"]
[SourceTitle "playchess.com"]
[Source "ChessBase"]
[WhiteTeam "Dominican Republic"]
[BlackTeam "Guatemala"]
[WhiteTeamCountry "DOM"]
[BlackTeamCountry "GUA"]
[TimeControl "40/5400+30:1800+30"]

1. e4 {(00:00)} c5 {(00:00)} 2. Nf3 {(00:00)} e6 {(
00:00)} 3. Be2 {(00:03)} b6 {(01:55)} 4. O-O {(05:25)} Bb7
{(00:19)} 5. d3 {(00:02)} d6 {(00:57)} 6. Re1 {(04:
08)} Nd7 {(00:20)} 7. Nbd2 {(01:28)} Ngf6 {(02:02)} 8. c3
{(01:42)} Be7 {(01:02)} 9. h3 {(02:23)} O-O {(01:
56)} 10. Bf1 {(02:12)} Qc7 {(08:59)} 11. Qe2 {(19:28)} Ne5
{(04:40)} 12. Nh2 {(11:57)} Ba6 {(01:55)} 13. Qe3 {
(00:03)} Ng6 {(04:40)} 14. f4 {(15:22)} d5 {(02:28]
} 15. e5 {(24:36)} d4 {(00:20)} 16. Qf2 {(00:04)} Nd5 {
(12:40)} 17. Ne4 {(00:05)} f5 {(08:23)} 18. exf6 {(
04:28)} Bxf6 {(00:18)} 19. Nxf6+ {(05:02)} Rxf6 {(00:17)}
20. Ng4 {(00:03)} Rff8 {(02:20)} 21. cxd4 {(00:44)} Ndxf4
{(07:21)} 22. Bxf4 {(00:04)} Nxf4 {(00:08)} 23. Qe3 {
(00:15)} cxd4 {(02:11)} 24. Qxd4 {(00:19)} Bb7 {(
18:18)} 25. Rac1 {(00:49)} Nxh3+ {(00:19)} 26. Kh1 {(01:
10)} Qg3 {(00:24)} 27. Ne3 {(01:00)} Rf4 {(01:52)} 28. Qe5
{(00:17)} Rxf1+ {(00:23)} 0-1

[Event "42nd Olympiad Baku 2016 Open"]
[Site "Baku"]
[Date "2016.09.04"]
[Round "3.26"]
[White "El Jawich, Amro"]
[Black "Bashirli, Nail"]
[Result "0-1"]
[ECO "B03"]
[WhiteElo "2260"]
[BlackElo "2387"]
[Annotator ""]
[PlyCount "62"]
[EventDate "2016.??.??"]
[EventCountry "AZE"]
[SourceTitle "playchess.com"]
[Source "ChessBase"]
[WhiteTeam "Lebanon"]
[BlackTeam "Azerbaijan"]
[WhiteTeamCountry "LBN"]
[BlackTeamCountry "AZE"]
[TimeControl "40/5400+30:1800+30"]

1. e4 {(00:00)} Nf6 {(00:00)} 2. e5 {(00:27)} Nd5 {
(00:00)} 3. c4 {(00:16)} Nb6 {(00:05)} 4. d4 {(00:
08)} d6 {(00:04)} 5. exd6 {(00:05)} cxd6 {(00:04)} 6. Nc3
{(01:05)} g6 {(00:04)} 7. a4 {(00:52)} Bg7 {(05:06]
} 8. a5 {(00:06)} N6d7 {(00:26)} 9. Nf3 {(04:16)} O-O {
(03:23)} 10. Ra3 {(05:29)} Nf6 {(10:40)} 11. Be2 {(
05:36)} d5 {(04:40)} 12. Ne5 {(09:13)} Nc6 {(02:15)} 13.
a6 {(20:37)} dxc4 {(01:32)} 14. Nxc6 {(01:57)} bxc6 {
(00:17)} 15. Bxc4 {(08:39)} Qd6 {(07:49)} 16. Be3 {
(08:58)} Ng4 {(02:16)} 17. Qd2 {(03:30)} Bf5 {(09:
10)} 18. Rb3 {(10:38)} Nxe3 {(06:00)} 19. fxe3 {(00:26)}
e5 {(00:06)} 20. Ne2 {(05:59)} exd4 {(04:49)} 21. exd4 {
(04:54)} Be6 {(05:14)} 22. Qd3 {(06:09)} Bf5 {(03:
38)} 23. Qd2 {(01:08)} c5 {(00:52)} 24. d5 {(00:40)} Rab8
{(02:16)} 25. Rxb8 {(00:07)} Rxb8 {(00:42)} 26. b3 {
(00:25)} Be5 {(00:25)} 27. g3 {(01:12)} Bh3 {(00:
56)} 28. Nf4 {(00:32)} Qf6 {(04:35)} 29. Ke2 {(00:35)}
Bg4+ {(00:14)} 30. Kf2 {(00:29)} g5 {(00:17)} 31. h3 {
(00:27)} Bd7 {(00:13)} 0-1

[Event "42nd Olympiad Baku 2016 Open"]
[Site "Baku"]
[Date "2016.09.04"]
[Round "3.14"]
[White "Elobeid, Asim Ali"]
[Black "Meftahi, Houssem"]
[Result "0-1"]
[ECO "A13"]
[WhiteElo "2109"]
[BlackElo "2119"]
[Annotator ""]
[PlyCount "94"]
[EventDate "2016.??.??"]
[EventCountry "AZE"]
[SourceTitle "playchess.com"]
[Source "ChessBase"]
[WhiteTeam "Sudan"]
[BlackTeam "Tunisia"]
[WhiteTeamCountry "SUD"]
[BlackTeamCountry "TUN"]
[TimeControl "40/5400+30:1800+30"]

1. c4 {(00:00)} e6 {(00:00)} 2. Nf3 {(00:00)} d5 {(
00:00)} 3. g3 {(00:00)} c6 {(00:00)} 4. Bg2 {(00:08)} Nf6
{(00:16)} 5. O-O {(00:19)} Nbd7 {(00:04)} 6. b3 {(
01:14)} Bd6 {(00:12)} 7. Bb2 {(02:49)} O-O {(00:57)} 8. d4
{(02:24)} Qe7 {(01:04)} 9. Nbd2 {(02:55)} Ba3 {(02:
46)} 10. Bxa3 {(01:08)} Qxa3 {(00:03)} 11. Qc2 {(00:41)}
Qd6 {(10:38)} 12. e4 {(06:06)} dxe4 {(01:55)} 13. Nxe4 {
(00:33)} Nxe4 {(00:24)} 14. Qxe4 {(00:02)} Nf6 {(
03:08)} 15. Qc2 {(00:37)} Bd7 {(05:19)} 16. Rad1 {(01:16)}
Rad8 {(02:48)} 17. Rfe1 {(01:54)} Bc8 {(02:39)} 18. Qb2 {
(13:37)} Ne8 {(20:23)} 19. b4 {(03:40)} Nc7 {(03:
43)} 20. a4 {(01:05)} a6 {(00:41)} 21. a5 {(06:40)} Rfe8 {
(07:55)} 22. Qb1 {(04:01)} f6 {(02:23)} 23. h4 {(
01:46)} Qe7 {(04:22)} 24. Bf1 {(08:22)} Qf7 {(03:52)} 25.
Qc1 {(03:20)} Qh5 {(02:22)} 26. Qf4 {(05:19)} e5 {(
05:03)} 27. dxe5 {(02:31)} Rxd1 {(02:36)} 28. Rxd1 {(00:
02)} fxe5 {(00:08)} 29. Qe4 {(12:43)} Bf5 {(00:34)} 30.
Qe3 {(02:02)} e4 {(01:12)} 31. Nd4 {(01:27)} Qxd1 {
(00:16)} 32. Nxf5 {(00:08)} Qd8 {(09:32)} 33. Bg2 {
(01:37)} Qf6 {(01:13)} 34. g4 {(01:22)} Qa1+ {(00:
35)} 35. Kh2 {(01:24)} Qe5+ {(00:03)} 36. Ng3 {(00:13)}
Ne6 {(04:40)} 37. Bxe4 {(00:55)} Nf4 {(02:00)} 38. Qd2 {
(01:09)} Qf6 {(02:07)} 39. g5 {(01:34)} Qe5 {(00:
01)} 40. Qd7 {(00:00)} Nh5 {(00:00)} 41. Bg2 {(11:23)}
Nxg3 {(05:11)} 42. fxg3 {(00:01)} Qe7 {(00:12)} 43. Qd2 {
(01:43)} Rd8 {(01:03)} 44. Qc3 {(01:59)} Qe2 {(00:
56)} 45. Qc1 {(02:42)} Rd2 {(02:48)} 46. Qg1 {(00:18)} Qf2
{(05:29)} 47. Qh1 {(00:38)} Rd3 {(00:31)} 0-1

[Event "42nd Olympiad Baku 2016 Open"]
[Site "Baku"]
[Date "2016.09.04"]
[Round "3.15"]
[White "Escobar Forero, Alder"]
[Black "Zerafa, Robert"]
[Result "1-0"]
[ECO "C88"]
[WhiteElo "2510"]
[BlackElo "2068"]
[Annotator ""]
[PlyCount "79"]
[EventDate "2016.??.??"]
[EventCountry "AZE"]
[SourceTitle "playchess.com"]
[Source "ChessBase"]
[WhiteTeam "Colombia"]
[BlackTeam "Malta"]
[WhiteTeamCountry "COL"]
[BlackTeamCountry "MLT"]
[TimeControl "40/5400+30:1800+30"]

1. e4 {(00:00)} e5 {(00:00)} 2. Nf3 {(00:00)} Nc6 {
(00:00)} 3. Bb5 {(00:00)} a6 {(00:00)} 4. Ba4 {(00:
00)} Nf6 {(00:10)} 5. O-O {(01:06)} Be7 {(00:14)} 6. Re1 {
(01:26)} b5 {(00:47)} 7. Bb3 {(00:02)} O-O {(00:10]
} 8. a4 {(01:41)} Rb8 {(05:35)} 9. axb5 {(00:59)} axb5 {
(00:07)} 10. Nc3 {(02:12)} d6 {(01:07)} 11. Nd5 {(
01:52)} Nd4 {(10:15)} 12. Nxd4 {(02:34)} exd4 {(00:03)}
13. Nxe7+ {(00:09)} Qxe7 {(00:45)} 14. d3 {(03:45)} Be6 {
(08:37)} 15. c3 {(00:55)} dxc3 {(15:33)} 16. bxc3 {
(00:44)} b4 {(03:03)} 17. cxb4 {(03:54)} Rxb4 {(01:
25)} 18. Bc2 {(00:06)} Ng4 {(16:15)} 19. Qd2 {(28:22)} c5
{(07:32)} 20. Ba3 {(02:28)} Rd4 {(04:30)} 21. Bb2 {
(07:28)} Rb4 {(00:23)} 22. Bc3 {(00:02)} Rb7 {(01:
53)} 23. f4 {(00:27)} Bb3 {(03:25)} 24. Bb1 {(01:24)} d5 {
(00:51)} 25. d4 {(00:59)} Nf6 {(04:02)} 26. e5 {(
03:33)} Ne4 {(02:52)} 27. Bxe4 {(03:29)} dxe4 {(00:04)}
28. d5 {(04:21)} f5 {(00:27)} 29. Ra5 {(03:32)} Rc8 {
(03:28)} 30. Rc1 {(12:04)} Ra7 {(02:54)} 31. Rb5 {(
02:32)} Rb7 {(00:24)} 32. Ra5 {(05:51)} Ra7 {(00:36)} 33.
Rb5 {(02:40)} Rb7 {(00:02)} 34. d6 {(00:22)} Qf7 {(
02:49)} 35. Rxb7 {(05:01)} Qxb7 {(00:03)} 36. Rb1 {(00:24]
} Qf7 {(05:30)} 37. d7 {(00:46)} Rd8 {(01:58)} 38. Qd6 {
(01:12)} Qd5 {(00:39)} 39. Qe7 {(00:34)} Rb8 {(00:
30)} 40. Qe8+ {(00:00)} 1-0

[Event "42nd Olympiad Baku 2016 Open"]
[Site "Baku"]
[Date "2016.09.04"]
[Round "3.2"]
[White "Espirito Santo, Waldyr"]
[Black "Numatsi, Yawotsu Dzigba"]
[Result "1-0"]
[ECO "C41"]
[WhiteElo "1915"]
[BlackElo "1677"]
[Annotator ""]
[PlyCount "93"]
[EventDate "2016.??.??"]
[EventCountry "AZE"]
[SourceTitle "playchess.com"]
[Source "ChessBase"]
[WhiteTeam "STP"]
[BlackTeam "Togo"]
[BlackTeamCountry "TOG"]
[TimeControl "40/5400+30:1800+30"]

1. e4 {(00:00)} e5 {(00:00)} 2. Nf3 {(00:12)} d6 {(
00:00)} 3. d4 {(00:33)} exd4 {(00:12)} 4. Nxd4 {(00:12)}
Nf6 {(00:30)} 5. Nc3 {(01:14)} a6 {(00:16)} 6. Be2 {
(00:42)} Be7 {(00:05)} 7. Be3 {(00:39)} O-O {(00:
04)} 8. O-O {(01:02)} b5 {(02:23)} 9. Bf3 {(06:21)} Bb7 {
(00:38)} 10. Nf5 {(00:41)} Nbd7 {(05:42)} 11. Nxe7+ {
(03:40)} Qxe7 {(00:30)} 12. Nd5 {(00:19)} Nxd5 {(
02:26)} 13. exd5 {(00:13)} Ne5 {(04:52)} 14. Be2 {(01:52)}
Rfe8 {(05:22)} 15. Qd4 {(04:01)} Qf6 {(03:36)} 16. Rfe1 {
(03:43)} Nd7 {(00:04)} 17. Qd2 {(14:33)} Qf5 {(08:
34)} 18. Rad1 {(02:06)} Nf6 {(00:39)} 19. c4 {(06:04)}
bxc4 {(02:55)} 20. Bxc4 {(00:40)} Re5 {(04:17)} 21. f4 {
(19:03)} Re7 {(08:40)} 22. Qb4 {(05:14)} Bxd5 {(03:
53)} 23. Bxd5 {(00:26)} Nxd5 {(01:54)} 24. Qb7 {(00:21)}
Rae8 {(15:04)} 25. Rxd5 {(01:02)} Qg6 {(06:53)} 26. Qb3 {
(01:58)} h6 {(03:18)} 27. Rd3 {(08:01)} c5 {(01:59]
} 28. Qc3 {(00:44)} Re4 {(09:30)} 29. Qd2 {(01:20)} R4e6 {
(03:47)} 30. Rd5 {(02:19)} Rxe3 {(02:48)} 31. Rxe3 {
(00:49)} Qb1+ {(00:04)} 32. Kf2 {(01:03)} Rb8 {(00:
03)} 33. b3 {(01:32)} Rb4 34. Re8+ {(01:58)} Kh7 {(00:31)}
35. Qd3+ {(00:42)} Qxd3 {(00:03)} 36. Rxd3 {(00:20)} Rxf4+
{(00:04)} 37. Ke3 {(00:25)} Rf6 {(00:13)} 38. Rd8 {
(00:31)} Re6+ {(00:06)} 39. Kd2 {(00:12)} Rf6 {(00:
25)} 40. Rf3 {(00:00)} Rg6 {(00:00)} 41. g3 {(01:17)} Re6
{(09:44)} 42. Rxf7 {(01:09)} Kg6 {(00:03)} 43. Rfd7 {
(01:20)} Kf6 {(05:09)} 44. Rxd6 {(00:58)} Kf5 {(04:
40)} 45. Rxe6 {(00:57)} Kxe6 {(03:02)} 46. Ra8 {(00:17)}
Kd5 {(00:04)} 47. Rxa6 {(00:29)} 1-0

[Event "42nd Olympiad Baku 2016 Open"]
[Site "Baku"]
[Date "2016.09.04"]
[Round "3.24"]
[White "Fekadu, Desalegn Jimma"]
[Black "Muhammed, Shuaau"]
[Result "1-0"]
[ECO "E70"]
[WhiteElo "2104"]
[BlackElo "1692"]
[Annotator ""]
[PlyCount "75"]
[EventDate "2016.??.??"]
[EventCountry "AZE"]
[SourceTitle "playchess.com"]
[Source "ChessBase"]
[WhiteTeam "Ethiopia"]
[BlackTeam "Maldives"]
[WhiteTeamCountry "ETH"]
[BlackTeamCountry "MDV"]
[TimeControl "40/5400+30:1800+30"]

1. d4 {(00:00)} Nf6 {(00:00)} 2. c4 {(00:00)} g6 {(
00:00)} 3. Nc3 {(00:01)} Bg7 {(00:00)} 4. e4 {(00:33)} d6
{(00:00)} 5. Bd3 {(00:47)} O-O {(00:01)} 6. Nge2 {(
00:30)} Nc6 {(00:23)} 7. Bc2 {(03:14)} e5 {(00:56)} 8. d5
{(03:08)} Ne7 {(00:09)} 9. Ng3 {(00:55)} a5 {(03:
54)} 10. O-O {(00:39)} Nd7 {(01:12)} 11. Be3 {(00:44)} f5
{(06:58)} 12. exf5 {(01:47)} Nxf5 {(04:34)} 13. Nxf5 {
(10:21)} gxf5 {(00:12)} 14. Qh5 {(02:50)} Nf6 {(10:
32)} 15. Qh4 {(00:23)} Bd7 {(02:12)} 16. Bg5 {(01:19)} Qe8
{(00:54)} 17. Rae1 {(01:17)} Qg6 {(00:36)} 18. h3 {
(14:20)} h6 {(03:18)} 19. Bd2 {(01:44)} c6 {(10:48]
} 20. Kh1 {(02:58)} b5 {(03:32)} 21. dxc6 {(10:25)} Bxc6 {
(00:18)} 22. f3 {(00:11)} bxc4 {(01:57)} 23. Qxc4+ {
(00:29)} Kh8 {(01:25)} 24. Qxc6 {(00:24)} Nh5 {(00:
21)} 25. Ne2 {(00:34)} Rac8 {(05:18)} 26. Qa4 {(00:16)} d5
{(04:10)} 27. Bb3 {(02:30)} d4 {(01:52)} 28. g4 {(
01:57)} fxg4 {(04:08)} 29. hxg4 {(02:38)} Nf6 {(01:51)}
30. Be6 {(01:01)} Rb8 {(01:50)} 31. Bf5 {(00:29)} Qf7 {
(00:16)} 32. Bc1 {(00:59)} Ne8 {(01:43)} 33. Ng3 {(
00:24)} Nd6 {(00:22)} 34. Bb1 {(00:59)} Qd5 {(02:54)} 35.
Qc2 {(01:33)} Kg8 {(02:38)} 36. Qh7+ {(00:25)} Kf7 {
(00:18)} 37. Bg6+ {(00:10)} Kf6 {(00:50)} 38. Nh5+ {
(00:16)} 1-0